Map: [ESL] Site Delta

Players

soO

  • Race: Zerg Zerg
  • Spawn Location: 11:00

Harstem - Winner!

  • Race: Protoss Protoss
  • Spawn Location: 5:00

Event: ESL Spring 2024 Finals

VOD

Have the link to the VOD?

Description

Time

  • Played on: May 31, 2024, 8:32 p.m.
  • Length: 28:31

All games in this series

Show
View Real Time Build Order
Export as new Build Order

soO Zerg 

Build Orders: Hatch First, Lurkers, Roach Hydra 

Get SALT Encoding   

  12  0:00  Drone  
  13  0:11  Overlord  
  13  0:16  Drone  
  14  0:29  Drone  
  14  0:30  Drone  
  16  0:47  Hatchery  
  15  0:51  Drone  
  15  0:54  Drone  
  17  0:57  Drone  
  18  1:08  Extractor  
  17  1:12  Spawning Pool  
  17  1:16  Drone  
  17  1:19  Drone  
  18  1:28  Drone  
  19  1:38  Drone  
  20  1:49  Overlord  
  20  1:59  Zergling x4, Queen x2  
  26  2:10  Drone x2  
  26  2:11  Metabolic Boost  
  28  2:22  Drone x2  
  30  2:32  Drone x2  
  32  2:37  Hatchery  
  32  2:43  Queen  
  33  2:48  Overlord  
  33  2:50  Drone  
  34  2:54  Drone x2  
  36  3:06  Queen  
  36  3:07  Zergling x4  
  36  3:08  Drone x2  
  42  3:13  Overlord  
  42  3:17  Drone x2  
  44  3:29  Overlord  
  44  3:30  Queen  
  44  3:33  Overlord  
  46  3:36  Drone  
  46  3:40  Overlord  
  47  3:41  Drone x2  
  47  3:42  Queen  
  47  3:46  Drone  
  51  3:50  Drone  
  52  3:59  Drone  
  52  4:00  Drone x3  
  54  4:04  Drone  
  54  4:06  Drone  
  54  4:07  Spore Crawler  
  55  4:10  Drone x2  
  55  4:15  Overlord  
  57  4:17  Drone  
  57  4:18  Drone x2, Spore Crawler  
  57  4:20  Drone  
  60  4:26  Overlord  
  60  4:30  Spore Crawler, Drone x2  
  61  4:33  Drone  
  63  4:40  Overlord  
  63  4:41  Drone x3  
  63  4:43  Roach Warren  
  63  4:44  Drone x2  
  67  4:48  Lair  
  67  4:50  Drone, Extractor  
  67  4:55  Evolution Chamber  
  67  4:56  Drone x4  
  67  4:59  Zergling x2  
  71  5:02  Spore Crawler  
  71  5:04  Drone x2  
  71  5:06  Extractor  
  71  5:08  Drone x3  
  71  5:09  Drone  
  71  5:10  Extractor  
  71  5:13  Drone  
  75  5:15  Drone x2  
  75  5:20  Drone x3  
  77  5:22  Hatchery  
  77  5:23  Drone x2  
  77  5:24  Drone  
  77  5:27  Drone x2  
  80  5:36  Drone  
  80  5:37  Drone  
  80  5:38  Extractor  
  80  5:39  Overlord, Extractor  
  80  5:41  Drone x3  
  83  5:47  Glial Reconstitution  
  83  5:48  Hydralisk Den, Zerg Missile Weapons Level 1  
  82  5:50  Drone x3  
  82  5:51  Overlord  
  82  5:57  Overlord  
  85  6:01  Drone  
  85  6:04  Overlord  
  86  6:08  Drone  
  87  6:11  Roach x5  
  87  6:12  Roach x2  
  101  6:20  Roach x5  
  101  6:24  Grooved Spines  
  111  6:27  Zergling x2, Roach x2  
  111  6:28  Zergling x2  
  115  6:36  Zergling x6, Roach x2  
  114  6:48  Roach x3  
  114  6:50  Hatchery  
  117  6:55  Overlord  
  117  7:03  Overlord  
  117  7:04  Overlord  
  116  7:10  Overlord  
  116  7:13  Overlord  
  114  7:18  Hydralisk x7  
  114  7:19  Muscular Augments  
  114  7:21  Overlord  
  127  7:24  Overseer  
  127  7:29  Hydralisk x3  
  133  7:30  Roach x2  
  133  7:35  Roach x5  
  147  7:44  Roach  
  149  7:48  Roach x2  
  153  7:52  Infestation Pit  
  153  7:55  Zergling x2  
  153  7:56  Zergling x6  
  156  8:02  Hatchery, Roach x9  
  172  8:13  Drone x3  
  172  8:15  Zerg Missile Weapons Level 2, Overlord  
  175  8:23  Overlord  
  175  8:25  Overlord  
  175  8:27  Overlord  
  175  8:29  Overlord, Roach x3  
  175  8:33  Hive  
  175  8:35  Lurker Den  
  175  8:36  Zergling x18  
  183  8:43  Ravager x3  
  183  8:48  Zergling x12  
  182  8:52  Drone x2, Extractor  
  182  8:54  Extractor  
  177  8:56  Zergling x18  
  178  9:11  Drone x6  
  178  9:12  Drone x2  
  178  9:15  Hatchery  
  185  9:21  Pneumatized Carapace  
  185  9:22  Drone x2  
  185  9:23  Overseer  
  187  9:30  Drone  
  187  9:31  Drone x3  
  190  9:36  Lurker x9  
  199  9:45  Seismic Spines, Adrenal Glands  
  199  9:52  Overlord  
  194  10:01  Drone x3  
  197  10:12  Drone  
  197  10:13  Drone  
  199  10:18  Extractor  
  199  10:20  Drone x2  
  200  10:22  Spine Crawler, Extractor  
  200  10:23  Spine Crawler  
  200  10:24  Spine Crawler  
  200  10:25  Spine Crawler  
  195  10:31  Drone  
  195  10:33  Zerg Missile Weapons Level 3  
  196  10:37  Drone x3  
  196  10:40  Spine Crawler x2  
  196  10:42  Adaptive Talons  
  197  10:53  Drone x3  
  198  11:05  Drone  
  198  11:08  Spire  
  198  11:09  Spire  
  195  11:30  Drone x2  
  195  11:31  Drone x3  
  190  11:33  Spine Crawler x2  
  190  11:34  Drone x2  
  190  11:35  Spine Crawler  
  190  11:36  Spine Crawler  
  190  11:37  Spine Crawler  
  187  11:43  Hydralisk x6  
  199  11:51  Burrow  
  199  11:56  Nydus Network  
  199  11:57  Spine Crawler  
  199  11:58  Spore Crawler  
  196  12:07  Drone x3  
  199  12:29  Zerg Flyer Weapons Level 1, Greater Spire  
  199  12:34  Baneling Nest  
  192  12:39  Drone x3  
  192  12:42  Spine Crawler  
  192  12:43  Drone x3  
  197  12:47  Spore Crawler  
  196  12:56  Drone x3  
  199  12:59  Spine Crawler  
  199  13:01  Spine Crawler  
  195  13:06  Zergling x4  
  195  13:07  Zergling x4  
  195  13:10  Zerg Melee Weapons Level 1  
  199  13:23  Spore Crawler x2  
  199  13:24  Spore Crawler x2  
  199  13:26  Spore Crawler  
  188  13:36  Centrifugal Hooks  
  188  13:38  Corruptor x5  
  197  13:46  Corruptor x2  
  176  13:59  Viper x2  
  176  14:02  Corruptor x9  
  166  14:06  Spore Crawler x2  
  166  14:07  Spore Crawler  
  166  14:08  Spore Crawler  
  178  14:10  Zerg Flyer Armor Level 1  
  178  14:11  Neural Parasite  
  178  14:13  Spore Crawler x2, Nydus Canal  
  178  14:14  Spore Crawler  
  175  14:21  Corruptor x6  
  181  14:26  Corruptor x9  
  186  14:55  Overseer  
  174  15:17  Zerg Flyer Weapons Level 2  
  174  15:19  Brood Lord x4  
  174  15:20  Brood Lord x3  
  188  15:28  Spore Crawler  
  187  15:29  Spore Crawler x2  
  187  15:31  Spore Crawler  
  184  15:36  Infestor x5  
  194  15:45  Corruptor  
  194  15:46  Corruptor x2  
  200  15:52  Overseer  
  196  16:13  Spore Crawler  
  196  16:15  Spore Crawler x2  
  196  16:16  Spore Crawler  
  192  16:28  Zerg Flyer Armor Level 2  
  192  16:29  Drone x5  
  192  16:30  Drone x2  
  199  16:37  Lurker  
  200  16:41  Zerg Melee Weapons Level 2  
  194  16:59  Zergling x20  
  200  17:14  Spore Crawler  
  200  17:15  Spore Crawler  
  198  17:16  Spore Crawler  
  198  17:17  Spore Crawler x3  
  198  17:20  Drone x6  
  200  17:35  Zerg Flyer Weapons Level 3  
  200  17:40  Spore Crawler  
  200  17:41  Spore Crawler  
  200  17:42  Spore Crawler x2  
  196  17:44  Spore Crawler x2  
  196  17:48  Roach x5  
  194  18:10  Roach x5  
  182  18:45  Hatchery  
  178  18:54  Drone x3  
  181  18:56  Brood Lord x2  
  181  18:57  Brood Lord  
  181  18:59  Infestor  
  181  19:00  Infestor x2  
  193  19:05  Zerg Flyer Armor Level 3, Spore Crawler  
  193  19:06  Spore Crawler  
  193  19:07  Spore Crawler  
  193  19:08  Spore Crawler  
  187  19:13  Drone x4  
  191  19:17  Spore Crawler, Corruptor  
  191  19:18  Spore Crawler, Corruptor x4  
  190  19:39  Spore Crawler  
  190  19:41  Extractor  
  184  20:10  Corruptor x9  
  200  20:18  Hatchery  
  199  20:35  Overseer  
  197  20:57  Queen  
  199  21:10  Zerg Melee Weapons Level 3  
  199  21:28  Spore Crawler  
  199  21:29  Spore Crawler  
  199  21:30  Spore Crawler  
  199  21:31  Spore Crawler  
  195  21:52  Corruptor x2  
  199  22:03  Spore Crawler  
  199  22:04  Spore Crawler  
  199  22:05  Spore Crawler  
  196  22:14  Overlord  
  192  22:16  Overlord  
  192  22:31  Drone  
  191  22:46  Infestor x3  
  191  22:47  Overseer x2  
  191  22:48  Overseer x2  
  191  22:54  Infestor x2  
  191  23:11  Corruptor x4  
  158  24:01  Infestor  
  158  24:02  Infestor x3  
  154  24:15  Overlord x2  
  154  24:20  Brood Lord x2  
  154  24:23  Brood Lord x2  
  162  24:24  Brood Lord x2  
  162  24:25  Brood Lord x2  
  162  24:26  Overlord x2  
  162  24:27  Overlord x2  
  170  24:33  Infestor x2  
  170  24:37  Overlord  
  170  24:57  Overseer x2  
  164  25:07  Extractor  
  164  25:12  Brood Lord  
  164  25:13  Brood Lord  
  167  25:16  Hydralisk x3  
  167  25:17  Zergling x2, Hydralisk x3  
  167  25:18  Zergling x8  
  87  26:23  Brood Lord x2  
  87  26:24  Brood Lord x3  
  87  26:25  Brood Lord x4  
  101  26:27  Hydralisk x12  
  101  26:28  Infestor  
  101  26:29  Lurker  
  126  26:44  Zergling x10  
  126  26:45  Zergling x18  
  140  26:49  Infestor x3  
  121  27:10  Hatchery  
  112  27:18  Infestor, Roach  
  112  27:19  Hatchery  
  107  27:26  Hydralisk x2  
  107  27:27  Zergling x18, Hydralisk  
  107  27:28  Lurker x2  
  123  27:42  Zergling x8  
Show
View Real Time Build Order
Export as new Build Order

Harstem Protoss - Winner!

Build Orders: 1 Gate Expand, Oracle Opening, Carriers, Chargelot Immortal 

Get SALT Encoding   

  12  0:00  Probe  
  13  0:12  Probe  
  14  0:19  Pylon  
  14  0:24  Probe (Chrono Boost)  
  15  0:37  Gateway, Probe (Chrono Boost)  
  16  0:46  Assimilator, Probe (Chrono Boost)  
  17  0:51  Probe  
  18  1:03  Probe  
  19  1:15  Probe  
  20  1:22  Nexus  
  20  1:31  Cybernetics Core  
  20  1:34  Probe  
  21  1:40  Assimilator  
  21  1:46  Probe  
  22  1:49  Pylon  
  22  1:58  Probe (Chrono Boost)  
  23  2:04  Adept (Chrono Boost)  
  25  2:10  Probe (Chrono Boost)  
  25  2:14  Stargate  
  26  2:18  Probe (Chrono Boost)  
  27  2:25  Probe  
  27  2:27  Adept (Chrono Boost)  
  30  2:31  Warp Gate  
  30  2:35  Probe  
  31  2:37  Probe  
  32  2:47  Probe  
  32  2:48  Adept (Chrono Boost)  
  32  2:49  Probe  
  36  2:59  Probe  
  36  3:00  Oracle (Chrono Boost)  
  36  3:01  Probe  
  41  3:07  Pylon  
  41  3:11  Probe  
  42  3:13  Probe  
  43  3:23  Probe  
  43  3:25  Probe  
  43  3:26  Gateway  
  45  3:31  Oracle  
  48  3:37  Probe  
  49  3:44  Nexus  
  49  3:45  Probe  
  49  3:48  Pylon  
  50  3:52  Probe  
  51  3:59  Probe  
  51  4:01  Twilight Council  
  52  4:03  Assimilator  
  52  4:05  Probe  
  52  4:08  Pylon  
  53  4:11  Probe  
  54  4:17  Probe  
  54  4:19  Gateway  
  54  4:20  Gateway  
  54  4:23  Probe  
  56  4:24  Stalker  
  56  4:29  Blink (Chrono Boost), Probe  
  59  4:35  Probe  
  59  4:37  Assimilator  
  60  4:41  Probe  
  60  4:45  Stalker  
  63  4:48  Probe  
  63  4:49  Stalker  
  66  4:53  Probe  
  66  4:57  Probe  
  66  4:59  Pylon  
  68  5:00  Probe  
  68  5:05  Probe  
  70  5:09  Probe  
  70  5:10  Stalker  
  70  5:12  Probe  
  70  5:13  Stalker  
  76  5:15  Pylon  
  76  5:17  Probe  
  77  5:22  Probe  
  77  5:23  Stalker x2  
  77  5:24  Probe  
  77  5:27  Pylon  
  83  5:30  Probe  
  83  5:31  Shield Battery  
  83  5:34  Stalker, Probe  
  87  5:36  Probe  
  87  5:39  Stalker  
  87  5:42  Forge, Probe  
  91  5:48  Stalker x2  
  91  5:49  Probe  
  97  5:53  Assimilator  
  97  5:54  Probe  
  97  5:56  Robotics Facility  
  97  5:58  Assimilator  
  97  6:01  Probe  
  97  6:04  Gateway  
  98  6:05  Gateway  
  98  6:06  Charge (Chrono Boost), Probe  
  98  6:10  Pylon  
  101  6:18  Zealot  
  101  6:19  Protoss Ground Weapons Level 1 (Chrono Boost)  
  101  6:21  Pylon  
  101  6:22  Templar Archives  
  101  6:25  Zealot  
  105  6:28  Gateway  
  103  6:36  Probe  
  104  6:43  Probe  
  104  6:44  Probe  
  104  6:45  Immortal (Chrono Boost)  
  104  6:46  Zealot x2  
  104  6:47  Zealot x2  
  118  6:53  Psionic Storm  
  118  6:55  Pylon  
  118  7:01  Gateway x2  
  118  7:08  High Templar x3  
  124  7:15  Probe  
  124  7:19  Pylon  
  124  7:22  Shield Battery, Pylon, Immortal (Chrono Boost)  
  129  7:23  Pylon  
  129  7:30  High Templar  
  131  7:37  Nexus  
  131  7:38  Pylon  
  131  7:41  Robotics Facility  
  131  7:43  Photon Cannon  
  131  7:46  Pylon  
  131  7:51  Immortal (Chrono Boost)  
  131  7:53  Probe  
  136  8:04  Photon Cannon  
  136  8:06  Zealot x4, Photon Cannon  
  136  8:10  Sentry x3  
  147  8:16  Zealot x2  
  155  8:21  Immortal (Chrono Boost)  
  155  8:23  Oracle  
  155  8:28  Protoss Ground Weapons Level 2 (Chrono Boost), Probe, Immortal (Chrono Boost)  
  159  8:49  Zealot x2  
  159  8:50  Zealot x4  
  173  9:01  Shield Battery, Immortal (Chrono Boost)  
  173  9:03  Assimilator  
  173  9:05  Photon Cannon  
  173  9:08  Assimilator  
  161  9:10  High Templar, Immortal (Chrono Boost)  
  161  9:15  Probe  
  168  9:19  High Templar x2, Probe  
  168  9:20  Zealot x4  
  179  9:25  Archon, Photon Cannon  
  179  9:30  Immortal (Chrono Boost)  
  177  9:36  Pylon  
  181  9:40  Fleet Beacon  
  181  9:44  Protoss Air Weapons Level 1 (Chrono Boost)  
  181  9:45  Observer (Chrono Boost)  
  176  10:00  Zealot x8  
  192  10:12  Zealot  
  192  10:13  Immortal (Chrono Boost)  
  192  10:14  Observer (Chrono Boost)  
  194  10:20  Pylon  
  193  10:23  Stargate  
  193  10:26  Stargate  
  193  10:40  Photon Cannon  
  193  10:42  Pylon  
  193  10:43  Photon Cannon  
  191  10:58  Photon Cannon  
  193  11:06  Zealot x3  
  193  11:09  Carrier (Chrono Boost)  
  199  11:16  Carrier (Chrono Boost)  
  199  11:17  Carrier (Chrono Boost)  
  185  11:21  Stalker x2  
  189  11:31  Observer  
  166  11:36  Protoss Ground Weapons Level 3 (Chrono Boost)  
  164  11:42  Forge  
  164  11:46  Protoss Air Weapons Level 2 (Chrono Boost)  
  170  11:50  High Templar x2  
  170  11:53  Mothership  
  174  11:57  Zealot x7  
  188  12:07  Photon Cannon  
  194  12:08  Photon Cannon  
  194  12:11  Observer  
  194  12:14  Carrier (Chrono Boost)  
  192  12:31  Carrier (Chrono Boost)  
  197  12:41  Carrier (Chrono Boost)  
  187  12:44  High Templar  
  187  12:46  Photon Cannon  
  187  12:47  Photon Cannon  
  187  12:48  Shield Battery  
  187  12:50  Nexus  
  187  12:51  Pylon  
  187  12:53  Pylon  
  187  12:54  High Templar x4  
  195  13:01  Archon x2  
  187  13:06  High Templar x4  
  195  13:17  Photon Cannon  
  195  13:21  Stalker  
  187  13:50  Observer  
  183  13:57  Probe  
  183  13:59  Carrier  
  183  14:01  High Templar x2  
  183  14:02  High Templar x2  
  198  14:04  Zealot  
  198  14:07  Archon x2  
  198  14:08  Nexus  
  198  14:09  Protoss Shields Level 1 (Chrono Boost)  
  200  14:10  Pylon  
  200  14:13  Protoss Ground Armor Level 1 (Chrono Boost)  
  200  14:23  Protoss Air Weapons Level 3 (Chrono Boost)  
  192  14:41  Stalker  
  196  15:06  High Templar x2  
  198  15:10  Archon  
  198  15:22  Archon  
  198  15:34  High Templar x3  
  198  15:35  High Templar  
  200  15:42  Photon Cannon  
  200  15:43  Archon  
  200  15:47  Photon Cannon  
  200  15:48  Photon Cannon  
  200  15:49  Photon Cannon  
  198  15:51  Photon Cannon  
  198  15:52  Probe  
  198  15:53  Photon Cannon, Stargate  
  198  15:55  Photon Cannon  
  198  15:56  Archon  
  198  15:57  Stargate  
  191  15:59  Shield Battery  
  191  16:03  Assimilator  
  191  16:06  Pylon  
  191  16:07  Assimilator  
  191  16:21  Observer  
  191  16:25  Observer  
  192  16:32  Tempest  
  191  17:10  Tempest  
  194  17:20  Tempest  
  199  17:43  Observer  
  194  18:55  Tempest  
  199  19:01  Assimilator, Pylon  
  199  19:04  Assimilator  
  199  19:06  Pylon  
  199  19:12  Nexus, Pylon  
  199  19:31  Photon Cannon  
  199  19:32  Photon Cannon  
  199  19:34  Photon Cannon  
  199  19:35  Photon Cannon  
  199  19:36  Observer  
  199  19:38  Photon Cannon  
  196  19:40  Photon Cannon  
  196  19:41  Oracle (Chrono Boost)  
  196  19:43  Shield Battery  
  194  20:09  Tempest x2 (Chrono Boost)  
  194  20:11  Shield Battery, Protoss Shields Level 2 (Chrono Boost)  
  194  20:12  Protoss Ground Armor Level 2 (Chrono Boost)  
  200  20:15  Shield Battery  
  200  20:17  Shield Battery  
  200  20:23  Pylon  
  200  20:25  Protoss Air Armor Level 1 (Chrono Boost)  
  200  20:26  Nexus  
  200  20:42  Shield Battery  
  200  20:46  Nexus  
  200  20:53  Tempest  
  200  21:07  Nexus  
  200  21:09  Pylon  
  196  21:29  Photon Cannon  
  196  21:31  Oracle x2, Photon Cannon  
  196  21:32  Shield Battery  
  199  21:33  Shield Battery  
  199  21:34  Shield Battery  
  199  21:36  Shield Battery  
  199  21:40  Pylon  
  195  22:00  Unknown  
  195  22:01  Zealot  
  197  22:12  Nexus  
  197  22:13  Assimilator  
  197  22:15  Pylon  
  197  22:23  Assimilator  
  193  22:31  Shield Battery  
  193  22:33  Shield Battery  
  193  22:34  Shield Battery  
  193  22:35  Shield Battery  
  193  22:37  Pylon  
  193  22:39  Shield Battery  
  193  22:42  Shield Battery, Pylon  
  193  22:45  Shield Battery  
  193  22:47  Pylon  
  189  23:09  Tempest  
  189  23:11  Shield Battery  
  194  23:13  Photon Cannon  
  194  23:17  Pylon, Photon Cannon  
  181  23:33  Tempest x2  
  180  23:38  Stalker x9  
  170  23:52  Tempest  
  162  24:03  Immortal x2  
  162  24:05  Stalker x9  
  163  24:16  Tempest  
  159  24:27  Tempest  
  159  24:30  Zealot x9  
  182  24:38  Protoss Ground Armor Level 3, Protoss Shields Level 3  
  181  24:41  Observer  
  181  24:43  Tempest  
  186  24:50  Observer  
  167  25:00  Zealot x3  
  165  25:17  Tempest x2  
  165  25:19  High Templar x5  
  185  25:25  Stalker x3  
  185  25:27  Archon x2  
  184  25:28  Stalker  
  184  25:34  Tempest x2  
  186  25:38  Tempest  
  189  25:49  Stalker x3  
  169  26:03  Stalker x6  
  149  26:04  Tempest  
  135  26:16  Probe  
  135  26:17  Stalker x3  
  135  26:18  Probe  
  148  26:25  Probe x2  
  160  26:26  Probe  
  160  26:28  Probe  
  160  26:32  Zealot x4  
  170  26:37  Zealot  
  172  26:43  Observer  
  172  26:44  Immortal  
  177  26:49  High Templar x4  
  161  27:02  High Templar  
  161  27:03  High Templar x3  
  161  27:04  Immortal  
  161  27:06  Photon Cannon  
  157  27:11  Photon Cannon  
  157  27:13  Stalker  
  157  27:14  Probe  
  158  27:16  Photon Cannon  
  158  27:18  Photon Cannon  
  144  27:23  Archon  
  144  27:27  Observer  
  144  27:29  Zealot x4  
  154  27:38  Tempest  
  154  27:39  Oracle  
  154  27:43  Stalker x5, Immortal  
  175  27:52  Stalker x4  
  145  28:10  Stalker x4  
  161  28:13  Stalker  
  163  28:21  Zealot x4  
Tags
 
Add a new tag
Caveats
  • Supply blocks, unpowered buildings, or Contaminate may cause inaccurate times.
  • Supply counts are checked every 10 seconds.